[Event "Pervenstvo PFO 2023_Y19_Rapid"]
[Site "Samara region, Russia"]
[Date "2023.11.11"]
[Round "3.8"]
[White "Galyaviev, Samat"]
[Black "Davydov, Dmitriy"]
[Result "1-0"]
[TimeControl "10:5"]
[WhiteFideId "44168470"]
[BlackFideId "54185580"]
[WhiteElo "2030"]
[BlackElo "1573"]

1. d4 Nf6 2. Nf3 e6 3. Bf4 b6 4. e3 Bb7 5. Bd3 d5 6. Nbd2 Be7 7. Ne5 O-O 8. Qf3 c5 9. c3 Nbd7 10. Qh3 g6 11. Ndf3 Ne4 12. Nxd7 Qxd7 13. Ne5 Qd8 14. f3 Nf6 15. Bh6 Re8 16. Bb5 Qc7 17. Bxe8 Rxe8 18. O-O cxd4 19. exd4 b5 20. a3 Qb6 21. Bg5 Rd8 22. Qh4 Kg7 23. Ng4 e5 24. Nxf6 Bxf6 25. Bxf6+ Qxf6 26.
Qxf6+ Kxf6 27. dxe5+ Kxe5 28. Rfe1+ Kd6 29. Rad1 Bc6 30. Rd4 a5 31. Kf2 Rb8 32. Rf4 f5 33. g4 Bd7 34. h4 h6 35. gxf5 gxf5 36. Rd4 Rc8 37. Rg1 Ke5 38. Rg6 f4 39. Rxh6 Bf5 40. Rb6 Rc5 41. h5 Bd7 42. Rg6 Bf5 43. Rg7 Kf6 44. h6 Rc8 45. Rxf4 Ke5 46. Rh4 Rh8 47. h7 Kf6 48. Ra7 Kg5 49. Rh2 a4 50. Ke3 Kf6 51. Kd4 Ke6 52. Rh6+ 1-0

[Event "Pervenstvo PFO 2023_Y19_Rapid"]
[Site "Samara region, Russia"]
[Date "2023.11.11"]
[Round "3.9"]
[White "Kononenko, Nikita"]
[Black "Kurulev, Egor"]
[Result "0-1"]
[TimeControl "10:5"]
[WhiteFideId "54175682"]
[BlackFideId "34187097"]
[WhiteElo "1774"]
[BlackElo "1332"]

1. e4 d6 2. d4 Nf6 3. Nc3 c6 4.
f3 Qc7 5. Bc4 e5 6. dxe5 dxe5 7. a4 Bc5 8. Qe2 O-O 9. a5 Bb4 10. a6 Nxa6 11. Bxa6 bxa6 12. Be3 a5 13. Qf2 Be6 14. Nge2 Rfd8 15.
O-O h6 16. Na4 Nd7 17. Rfd1 Qb7 18. Ng3 Qb5 19. Nh5 g6 20. Ng3 Kh7 21. h4 Nb6 22. Rxd8 Rxd8 23. Nxb6 axb6 24. Bxb6 Rd2 25.
Qe3 Rxc2 26. Kh2 Bd2 27. Qg1 Rxb2 28. h5 Qxb6 29. hxg6+ Kxg6 30. Qh1 Bf4 31. Rf1 Qe3 0-1

[Event "Pervenstvo PFO 2023_Y19_Rapid"]
[Site "Samara region, Russia"]
[Date "2023.11.11"]
[Round "4.1"]
[White "Babkov, Timofey"]
[Black "Lydin, Vladislav"]
[Result "0-1"]
[TimeControl "10:5"]
[WhiteFideId "54135931"]
[BlackFideId "44195990"]
[WhiteElo "1855"]
[BlackElo "2005"]

1. e4 Nf6 2. e5 Nd5 3. c4 Nb6 4. a4 d6 5. a5 N6d7 6.
exd6 cxd6 7. b4 Nf6 8. d4 g6 9. Nf3 Bg7 10. Be2 O-O 11. O-O d5 12. c5 Ne4 13. Qb3 Nc6 14. Bb2 Bg4 15.
Rd1 b6 16. Nc3 bxa5 17. b5 Bxf3 18. gxf3 Nxd4 19. Rxd4 Nxc5 20. Qd1 Bxd4 21. Qxd4 Nb3 22. Qe5 Nxa1 23. Nxd5 f6 24. Qe6+ Kg7 25. Bxa1 Qd6 26. Qxd6 exd6 27. Bc3 a4 28. Bd1 a3 29. Bb3 Rab8 30. Nc7 Rfc8 31. Ne6+ Kf7 32.
Nf4+ Ke8 33. Nd5 Rxb5 34. Ba4 a6 35. Kf1 a2 36. Bxf6 Kf7 37. Bxb5 axb5 38. Ke2 Ke6 0-1

[Event "Pervenstvo PFO 2023_Y19_Rapid"]
[Site "Samara region, Russia"]
[Date "2023.11.11"]
[Round "4.2"]
[White "Tarasenko, Iaroslav"]
[Black "Azizyan, Levon"]
[Result "1/2-1/2"]
[TimeControl "10:5"]
[WhiteFideId "44196008"]
[BlackFideId "44151888"]
[WhiteElo "2080"]
[BlackElo "1940"]

1. e4 c5 2. Nf3 d6 3.
d4 cxd4 4. Nxd4 Nf6 5. Nc3 Nc6 6.
Nd5 Nxd5 7. exd5 Qa5+ 8. Bd2 Qxd5 9. Nb5 Qe6+ 10. Be2 Qd7 11. c4 a6 12. Nc3 e6 13. Be3 Be7 14. O-O O-O 15. f4 Qc7 16. Rc1 Bd7 17. f5 Ne5 18. Kh1 Rac8 19. f6 gxf6 20. Qe1 Kh8 21. Ne4 Bc6 22.
Nxf6 Bxf6 23. Rxf6 Rg8 24. Rf2 Rg7 25. Bd4 Rcg8 26. Bf1 f5 27. c5 Be4 28.
cxd6 Qxd6 29. Qc3 Ng4 30. Bxg7+ Rxg7 31. Qc8+ Rg8 32. Qc3+ Rg7 33. Qc8+ Rg8 34. Qc3+ e5 35. Rd2 Qh6
36. h3 1/2-1/2

[Event "Pervenstvo PFO 2023_Y19_Rapid"]
[Site "Samara region, Russia"]
[Date "2023.11.11"]
[Round "4.3"]
[White "Konstantinov, Nikita"]
[Black "Ivanov, Matvei"]
[Result "1-0"]
[TimeControl "10:5"]
[WhiteFideId "44165250"]
[BlackFideId "54131987"]
[WhiteElo "2074"]
[BlackElo "1918"]

1. e4 c6 2. d4 d5 3. Nd2 dxe4 4.
Nxe4 Nf6 5. Nxf6+ exf6 6. Nf3 Bd6 7. Be2 Na6 8. O-O Nc7 9. c4 O-O 10. Be3 Ne6 11. Qc2 Nf4 12. Bxf4 Bxf4 13. Bd3 g6 14. h3 Be6 15. Rfe1 Rc8 16. Rad1 Re8 17. Be4 f5 18. Bd3 Bb8 19.
Qc1 Qd6 20. Qh6 Qf8 21. Qc1 Qd6 22. b3 a6 23. Re2 Bd7 24. Rde1 Rxe2 25. Rxe2 Re8 26. Rxe8+ Bxe8 27. Qe3 Qe6 28. Qd2 Qd6 29. c5 Qe7 30. Bc4 Bd7 31. b4 Be6 32. d5 cxd5 33. Bxd5 Bxd5 34. Qxd5 Kg7 35. Kf1 Qc7 36. g3 Qe7 37. h4 Qc7 38. Ke2 Qe7+ 39.
Kd3 Ba7 40. Ne5 a5 41. a3 axb4 42. axb4 Bb8 43. f4 h6 44. Kc4 Ba7 45. Qd7 Qxd7 46.
Nxd7 g5 47. hxg5 hxg5 48. b5 1-0

[Event "Pervenstvo PFO 2023_Y19_Rapid"]
[Site "Samara region, Russia"]
[Date "2023.11.11"]
[Round "4.4"]
[White "Siyalov, Mikhail"]
[Black "Mochalov, Dmitriy"]
[Result "1/2-1/2"]
[TimeControl "10:5"]
[WhiteFideId "24276359"]
[BlackFideId "44179634"]
[WhiteElo "1691"]
[BlackElo "2194"]

1. e4 c6 2. d4 d5 3. Nd2 dxe4 4. Nxe4 Bf5 5. Ng3 Bg6 6. Nf3 Nd7 7. Bd3 e6 8. O-O Ngf6 9. c3 Be7 10. Qc2 O-O 11. Bxg6 hxg6 12.
Ne5 Rc8 13. Nxd7 Qxd7 14. Ne4 c5 15. Nxf6+ Bxf6 16. dxc5 Rxc5 17. Be3 Rc6 18. Rfd1 Qc7 19. Rd3 b5 20. Qb3 a6 21. Rad1 Rc4 22. Rd7 Qe5 23. Bd4 Qf5 24. Bxf6 gxf6 25. g3 Kg7 26.
Qa3 Ra4 27. Qe7 Re4 28. Rd8 Rxd8 29. Rxd8 Re1+ 30. Kg2 Qe4+ 31. Kh3 Qf5+ 32. Kg2 Qe4+ 33. Kh3 g5 34. Qf8+ Kg6 35. Qg8+ Kf5 36. Rd4 Qf3 37. Qh7+ Ke5 38.
Qxf7 Qxf2 39. Qc7+ Kf5 40. Qh7+ Ke5 41. Qc7+ Kf5 1/2-1/2

[Event "Pervenstvo PFO 2023_Y19_Rapid"]
[Site "Samara region, Russia"]
[Date "2023.11.11"]
[Round "4.5"]
[White "Kurulev, Egor"]
[Black "Pukhov, Ivan"]
[Result "1-0"]
[TimeControl "10:5"]
[WhiteFideId "34187097"]
[BlackFideId "34301895"]
[WhiteElo "1332"]
[BlackElo "1955"]

1. e4 c5 2. Nf3 d6 3.
c3 Nf6 4. h3 g6 5. Bb5+ Bd7 6. Bxd7+ Qxd7 7. d3 Bg7 8. O-O O-O 9. Re1 Nc6 10. d4 cxd4 11. cxd4 d5 12. e5 Ne4 13.
Nc3 Nxc3 14. bxc3 Rac8 15. Ng5 Nd8 16. Qd3 f6 17. Nf3 Ne6 18. exf6 exf6 19. Ba3 Rfe8 20. Rac1 Nf4 21. Qf1 Bf8 22. Bxf8 Rxf8 23. c4 dxc4 24. Rxc4 Qd5 25. Rxc8 Rxc8 26. Kh2 g5 27. Re7 Qd6 28.
Rxb7 a6 29. g3 Qc6 30. Qb1 Qc2 31.
Qxc2 Rxc2 32. gxf4 Rxf2+ 33. Kg3 Rxa2 34.
fxg5 fxg5 35. Nxg5 h6 36. Ne4 Ra4 37. Rd7 a5 38. Kf4 Kf8 39. Ke5 Ra3 40. Ra7 Rxh3 41. Rxa5 Rh5+ 42. Ke6 Rxa5 43. d5 h5 1-0

[Event "Pervenstvo PFO 2023_Y19_Rapid"]
[Site "Samara region, Russia"]
[Date "2023.11.11"]
[Round "4.6"]
[White "Sitnikov, Vladimir"]
[Black "Galyaviev, Samat"]
[Result "0-1"]
[TimeControl "10:5"]
[WhiteFideId "24211796"]
[BlackFideId "44168470"]
[WhiteElo "1132"]
[BlackElo "2030"]

1. e4 e6 2. d4 d5 3. e5 c5 4. c3 Qb6 5. Qb3 Qxb3 6. axb3 cxd4 7. cxd4 Nc6 8. Nf3 f6 9. Bb5 Bd7 10. exf6 gxf6 11. Nc3 Bd6 12.
Bd2 Nge7 13. Bxc6 Bxc6 14. O-O Kf7 15. Rfe1 h5 16. Ne2 Ng6 17. Rac1 a6 18. Nc3 Nf4 19. Bxf4 Bxf4 20. Rcd1 Rhg8 21.
Ne2 Bd6 22. Ng3 Rh8 23. Nh4 Rag8 24. Kh1 Rg4 25. Nf3 h4 26. Nf1 Rhg8 27. Ne3 Re4 28. Nc2 h3 29. g3 Rc8 30. Ne3 Bb4 31.
Rg1 Bb5 32. Rc1 Be2 33. Rxc8 Bxf3+ 34. Ng2 hxg2+ 35. Rxg2 Re1# 0-1

[Event "Pervenstvo PFO 2023_Y19_Rapid"]
[Site "Samara region, Russia"]
[Date "2023.11.11"]
[Round "4.7"]
[White "Evtukhov, Lev"]
[Black "Berezin, Zachar"]
[Result "0-1"]
[TimeControl "10:5"]
[WhiteFideId "44173210"]
[BlackFideId "44139322"]
[WhiteElo "1923"]
[BlackElo "1658"]

1. d4 d6 2. c4 e5 3. Nc3 Nd7 4. Nf3 Be7 5. e4 Ngf6 6.
Be2 O-O 7. O-O h6 8. h3 c6 9.
Be3 Qc7 10. Qc2 Rd8 11. Rfd1 Nf8 12. d5 cxd5 13. cxd5 g5 14. Nd2 Ng6 15. Rac1 Nf4 16. Bf1 Bd7 17. Nb5 Qa5 18. Nb3 Qb4 19.
Nc3 Ba4 20. Nxa4 Qxa4 21. Qc4 Qd7 22.
f3 Rdc8 23. Qb5 Qxb5 24. Bxb5 a6 25.
Bf1 b5 26. Na5 Ng6 27. Nc6 Bf8 28. b4 Nf4 29. g3 Ng6 30. a4 bxa4 31. Ra1 Ne7 32. Rdc1 Nxc6 33. dxc6 d5 34. Rxa4 dxe4 35. Bxa6 Nd5 36. Bd2 e3 37. Be1 Bxb4 38. Bxb4 Nxb4 39. Bxc8 Rxa4 40. Bf5 Nd5 41. Be4 Nc7 42. Re1 Ra3 43. Kf1 Rc3 44. Ke2 Ne6 45. Rd1 Nd4+ 46. Ke1 e2 47. Rb1 f5 48.
Rb8+ Kg7 49. Bd5 Rc1+ 0-1

[Event "Pervenstvo PFO 2023_Y19_Rapid"]
[Site "Samara region, Russia"]
[Date "2023.11.11"]
[Round "4.8"]
[White "Kunakkuzin, Rinat"]
[Black "Sadykov, Ilgiz A."]
[Result "1-0"]
[TimeControl "10:5"]
[WhiteFideId "54126584"]
[BlackFideId "34286217"]
[WhiteElo "1925"]
[BlackElo "1675"]

1. d4 Nf6 2. g3 d5 3. Bg2 c6 4. Nf3 Bf5 5. O-O e6 6. Nbd2 Be7 7. Nh4 Bg6 8. b3 Nbd7 9. Bb2 O-O 10. Nxg6 hxg6 11. c4 a5 12. a4 Bb4 13. Nf3 Ne4 14. Qc2 f5 15. Ne5 Nxe5 16. dxe5 Qb6 17. Rad1 Bc5 18. e3 Rad8 19. Bd4 Qa7 20. f3 Ng5 21. h4 Nf7 22. f4 Rc8 23. Bf3 Rfd8 24. Kg2 b5 25. h5 g5 26. Qc3 Bxd4 27. Qxd4 Qxd4 28. Rxd4 bxa4 29. cxd5 cxd5 30. Rxa4 Rc3 31. Bd1 Rxe3 32. Rxa5 Rc8 33. b4 d4 34. Rf3 Rxf3 35. Kxf3 Rc3+ 36. Kf2 Rd3 37. Ra8+ Kh7 38. Ba4 gxf4 39. gxf4 Rh3 40. Be8 Nh8 41. Bd7 Rh2+ 42. Ke1 Rxh5 43. Bxe6 Ng6 44. Bg8+ Kh6 45. e6 Ne7 46. Bf7 Rh3 47. Rh8# 1-0

[Event "Pervenstvo PFO 2023_Y19_Rapid"]
[Site "Samara region, Russia"]
[Date "2023.11.11"]
[Round "4.9"]
[White "Panteleev, Zakhar"]
[Black "Ermakov, Maxim"]
[Result "1-0"]
[TimeControl "10:5"]
[WhiteFideId "34483977"]
[BlackFideId "54174996"]
[WhiteElo "1556"]
[BlackElo "1766"]

1. Nf3 Nf6 2. e3 d5 3. b3 e6 4. Bb2 c5 5. d4 Nc6 6.
Be2 cxd4 7. Nxd4 Bd6 8. O-O O-O 9. c4 e5 10. Nb5 Bb8 11. cxd5 Nxd5 12. N1c3 Be6 13. Bf3 Nxc3 14. Nxc3 Qb6 15.
Rc1 Rd8 16. Qe2 Bd6 17. Rfd1 Rac8 18. Bd5 Bxd5 19. Nxd5 Qa5 20. a4 Bb4 21. e4 Ne7 22. Rxc8 Rxc8 23. Bxe5 Nxd5 24. Qg4 f6 25.
Qxc8+ Kf7 26. Qc4 fxe5 27. Rxd5 Qb6 28.
Rd6+ 1-0

[Event "Pervenstvo PFO 2023_Y19_Rapid"]
[Site "Samara region, Russia"]
[Date "2023.11.11"]
[Round "4.10"]
[White "Gimazetdinov, Amir"]
[Black "Yudin, Danil"]
[Result "1-0"]
[TimeControl "10:5"]
[WhiteFideId "54142440"]
[BlackFideId "44171986"]
[WhiteElo "1749"]
[BlackElo "1786"]

1. Nf3 Nf6 2. c4 g6 3. e3 Bg7 4. Nc3 d6 5. b3 O-O 6. Bb2 e5 7. d3 c5 8. Be2 Nc6 9. O-O h6 10. Nd5 Nxd5 11. cxd5 Ne7 12. e4 f5 13. Nd2 f4 14. Bg4 h5 15. Bf3 Kh7 16. a4 Ng8 17. a5 Nf6 18. Nc4 g5 19. g3 g4 20. Bh1 f3 21. Ne3 Kg6 22. b4 cxb4 23.
Qb3 Nh7 24. Qxb4 Ng5 25. Rfc1 h4 26.
Ba3 Rf6 27. Nc4 hxg3 28. fxg3 Qh8 29.
Ra2 f2+ 30. Kf1 Qxh2 31. Ne3 Qxh1+ 32. Ke2 Qf3+ 33. Kd2 Qxg3 34. Rf1 Nf3+ 35. Kc3 Nd4 36. Bc1 Ne2+ 37. Rxe2 Qf3 38. Rexf2 Qxf2 39. Rxf2 Rxf2 40. Qxd6+ Rf6 41. Qe7 g3 42. Ng2 Bh3 43. Nh4+ Kh7 44. Nf5 Bxf5 45. exf5 g2 46. Be3 Rxf5 47. Qh4+ Kg8 48. Qg4 Raf8 49. Qxg2 Rf3 50. Bh6 R3f7 51. Qg6 e4+ 52. Bxg7 Rxg7 53. Qe6+ Kh8 54. dxe4 Rg3+ 55. Kd4 Rgf3 56. d6 R3f6 57.
Qh3+ Kg7 58. e5 Rg6 59. Kd5 Rf2 60. Qd7+ Kh6 61. Qh3+ Kg7 62. Qe3 Rf1 63. Qxa7 Rd1+ 64. Kc5 Rc1+ 65. Kb6 Kh6 66. Qb8 Rb1+ 67.
Kc5 Rc1+ 68. Kb6 Rb1+ 69. Ka7 Rb5 70. Qh8+ Kg5 71. Qd8+ Kf4 72. Qh4+ Kf5 73. Qh3+ Kg5 74. Qe3+ Kh4 75. Qe1+ Kg5 76. e6 Rg8 77. Qg1+ 1-0

[ePGN "0.1;DGT LiveChess/2.2.5"]

[Event "Pervenstvo PFO 2023_Y19_Rapid"]
[Site "Samara region, Russia"]
[Date "2023.11.11"]
[Round "5.1"]
[White "Lydin, Vladislav"]
[Black "Tarasenko, Iaroslav"]
[Result "1/2-1/2"]
[TimeControl "10:5"]
[WhiteFideId "44195990"]
[BlackFideId "44196008"]
[WhiteElo "2005"]
[BlackElo "2080"]

1. Nf3 Nf6 2. g3 b6 3. Bg2 Bb7 4. O-O e6 5. d3 d5 6. Nbd2 Be7 7. b3 O-O 8. Bb2 c5 9. e3 Nc6 10. c4 Rc8 11. Qe2 Qd7 12. Rfd1 Rfd8 13. cxd5 Nxd5 14. a3 Bf6 15. Nc4 Nc3 16.
Bxc3 Bxc3 17. Rac1 Bf6 18. h4 b5 19. Ncd2 Be7 20. Ne4 Na5 21. Qc2 Qd5 22. Nc3 Qh5 23. e4 b4 24. Ne2 Qh6 25. a4 g6 26. Nd2 Ba6 27.
Nc4 Nc6 28. f4 Nd4 29. Nxd4 Rxd4 30. e5 Rcd8 31. Qe2 Bxc4 32. Rxc4 Rxc4 33. dxc4 Qf8 34. Rd3 Rxd3 35. Qxd3 Qd8 36. Qxd8+ Bxd8 37. Kf2 f6 38. exf6 Bxf6 39. Kf3 Kf7 40. Ke3 Bd4+ 41. Ke4 Bf2 42.
Kf3 Be1 43. Bf1 Kf6 44. Bd3 e5 45. h5 gxh5 46. Bxh7 h4 47. gxh4 Bxh4 48. Ke4 exf4 49. Kxf4 Ke5+ 50. Ke4+
1/2-1/2

[Event "Pervenstvo PFO 2023_Y19_Rapid"]
[Site "Samara region, Russia"]
[Date "2023.11.11"]
[Round "5.2"]
[White "Berezin, Zachar"]
[Black "Konstantinov, Nikita"]
[Result "0-1"]
[TimeControl "10:5"]
[WhiteFideId "44139322"]
[BlackFideId "44165250"]
[WhiteElo "1658"]
[BlackElo "2074"]

1. d4 d5 2. Nc3 Nf6 3.
Bf4 e6 4. e3 Bd6 5. Nf3 O-O 6. Ne5 c5 7.
Nb5 Be7 8. g4 a6 9. Nc3 Nc6 10. g5 Nd7 11. h4 cxd4 12. Nxc6 bxc6 13. exd4 c5 14. dxc5 Bxc5 15. Bg2 Qb6 16. Qd2 Bb7 17. O-O Bb4 18.
a3 Bd6 19. Bxd6 Qxd6 20. Ne4 Qc7 21.
Ng3 Ne5 22. Qf4 Rac8 23. c3 Rfd8 24. h5 Nd3 25. Qd2 Nf4 26. Bh1 Qe5 27. g6 hxg6 28. hxg6 Nxg6 29. f4 Qd6 30. Qh2 Nxf4 31.
Rae1 Qb6+ 32. Qf2 Nh3+ 0-1

[Event "Pervenstvo PFO 2023_Y19_Rapid"]
[Site "Samara region, Russia"]
[Date "2023.11.11"]
[Round "5.3"]
[White "Galyaviev, Samat"]
[Black "Kunakkuzin, Rinat"]
[Result "1-0"]
[TimeControl "10:5"]
[WhiteFideId "44168470"]
[BlackFideId "54126584"]
[WhiteElo "2030"]
[BlackElo "1925"]

1. d4 d5 2. Nf3 Nf6 3. Bf4 e6 4. e3 Be7 5. Nbd2 c5 6. c3 Nc6 7.
Bd3 Nh5 8. Be5 Nxe5 9. dxe5 g6 10. O-O Ng7 11. e4 O-O 12. g4 b5 13. Qe2 c4 14. Bc2 Bb7 15. Nd4 b4 16. f4 Qa5 17.
Rf3 bxc3 18. bxc3 Rab8 19. Raf1 dxe4 20. Bxe4 Qxa2 21. Qe3 Bxe4 22. Nxe4 Rb2 23. R1f2 Rfb8 24. Nc6 R8b7 25. Nxe7+ Rxe7 26.
Nf6+ Kf8 27. Nxh7+ Kg8 28. Nf6+ Kf8 29. Rh3 Rc7 30. Rh8+ Ke7 31. Qd4 Qb1+ 32. Rf1 Qxf1+ 33. Kxf1 Rb1+ 34. Kf2 Rb2+ 35. Kf3 1-0

[Event "Pervenstvo PFO 2023_Y19_Rapid"]
[Site "Samara region, Russia"]
[Date "2023.11.11"]
[Round "5.4"]
[White "Azizyan, Levon"]
[Black "Babkov, Timofey"]
[Result "1-0"]
[TimeControl "10:5"]
[WhiteFideId "44151888"]
[BlackFideId "54135931"]
[WhiteElo "1940"]
[BlackElo "1855"]

1. e4 Nc6 2. Nf3 d5 3. exd5 Qxd5 4. Nc3 Qd6 5. h3 e5 6. Bb5 a6 7.
Bxc6+ Qxc6 8. Qe2 f6 9. d4 Bb4 10. Bd2 Bf5 11.
dxe5 O-O-O 12. O-O-O Nh6 13. a3 Bxc3 14. Bxc3 fxe5 15. Qxe5 Qa4 16. Qe2 Rde8 17.
Qd2 Rd8 18. Bd4 Rd6 19. Rhe1 Rhd8 20. Re3 Rxd4 21. Nxd4 Rxd4 22. Re8+ Kd7 23. Re4 Bxe4 24.
Qxd4+ 1-0

[Event "Pervenstvo PFO 2023_Y19_Rapid"]
[Site "Samara region, Russia"]
[Date "2023.11.11"]
[Round "5.5"]
[White "Ivanov, Matvei"]
[Black "Kurulev, Egor"]
[Result "1-0"]
[TimeControl "10:5"]
[WhiteFideId "54131987"]
[BlackFideId "34187097"]
[WhiteElo "1918"]
[BlackElo "1332"]

1. Nf3 d5 2. g3 Nf6 3. Bg2 c5 4. O-O g6 5. c3 Bg7 6. d4 cxd4 7. cxd4 O-O 8. Ne5 Bf5 9. Nc3 Ne4 10. Qb3 Nc6 11. Nxc6 bxc6 12. Nxe4 Bxe4 13. Bxe4 dxe4 14.
Rd1 Qd5 15. Qa4 Rfd8 16. Bf4 g5 17. Bc7 Rd7 18. Ba5 Rb8 19. b4 Rb5 20. Rac1 e3 21. fxe3 g4 22. Qb3 Qe4 23. Qd3 Qe6 24.
Rc4 Bh6 25. e4 f5 26. d5 cxd5 27. Rc8+ Kf7 28. exf5 Qa6 29. f6 Be3+ 30. Kg2 Qxc8 31. Qxb5 exf6 32. Rxd5 Rxd5 33. Qxd5+ Qe6 34. Qxe6+ Kxe6 35. Bd8 f5 36. Bc7 Bd2 37. b5 Kd5 38. Bf4 Ba5 39. a4 Kc4 40. Kf2 Kb4 41. Be3 Kxa4 42. Bxa7 Kxb5 43. Ke3 Bc7 44.
Kd4 Kc6 45. e4 f4 46. e5 f3 47. Ke4 Bb6 48. Bxb6 Kxb6 49. Ke3 1-0

[Event "Pervenstvo PFO 2023_Y19_Rapid"]
[Site "Samara region, Russia"]
[Date "2023.11.11"]
[Round "5.6"]
[White "Mochalov, Dmitriy"]
[Black "Panteleev, Zakhar"]
[Result "1-0"]
[TimeControl "10:5"]
[WhiteFideId "44179634"]
[BlackFideId "34483977"]
[WhiteElo "2194"]
[BlackElo "1556"]

1. e4 c5 2. Nf3 Nc6 3.
Bb5 g6 4. O-O Bg7 5. Re1 Nf6 6.
c3 O-O 7. d4 d5 8. exd5 Qxd5 9.
c4 Qd6 10. d5 Nb4 11. a3 Na6 12. Nc3 Nc7 13. Ba4 e6 14. dxe6 Qxd1 15. exf7+ Rxf7 16. Bxd1 Bf5 17. Be3 Ne6 18.
Ng5 Nxg5 19. Bxg5 Bd3 20. Be2 Ne4 21. Bxd3 Nxg5 22. h4 Rd8 23. Nd5 Bd4 24. Re2 Ne6 25. Rxe6 Rxf2 26. Kh2 Rdf8 27.
Rae1 Kg7 28. R6e2 Bxb2 29. Rxf2 Rxf2 30. Re7+ Kh6 31. Rxb7 Be5+ 32. Kh3 Rd2 33. Rb3 Rd1 34. Kg4 Kg7 35. Kf3 Bd4 36. Nf4 Kh6 37. g4 g5 38. hxg5+ Kxg5 39. Ne6+ 1-0

[Event "Pervenstvo PFO 2023_Y19_Rapid"]
[Site "Samara region, Russia"]
[Date "2023.11.11"]
[Round "5.7"]
[White "Gimazetdinov, Amir"]
[Black "Siyalov, Mikhail"]
[Result "1/2-1/2"]
[TimeControl "10:5"]
[WhiteFideId "54142440"]
[BlackFideId "24276359"]
[WhiteElo "1749"]
[BlackElo "1691"]

1. Nf3 Nf6 2. c4 g6 3. e3 Bg7 4. Nc3 O-O 5. b3 d6 6.
Bb2 e5 7. d3 Nc6 8. Be2 Bf5 9. O-O e4 10. dxe4 Nxe4 11. Nd4 Nxd4 12. exd4 Nxc3 13. Bxc3 d5 14. Bf3 Be6 15. Qd3 c6 16.
Rfe1 Qd7 17. Rad1 Rfe8 18. c5 Bf5 19. Qd2 h5 20. Qf4 Kh7 21. Bd2 Rxe1+ 22. Rxe1 Re8 23. Rxe8 Qxe8 24. h3 Qe6 25. Be3 Be4 26. Bxe4 dxe4 27. Qc7 f5 28. Qxb7 a5 29.
a3 Qf6 30. Qc7 g5 31. Qd6 f4 32.
Qxf6 Bxf6 33. Bd2 a4 34.
bxa4 Bxd4 35. Bb4 Be5 36.
a5 Bb8 37. a6 Ba7 38. Kf1 Kg6 39. Ke2 Kf5 40. f3 g4 41. hxg4+ hxg4 42. a4 gxf3+ 43. gxf3 Ke5 44. fxe4 Kxe4 45. Kf2 Kd4 46. Kf3 Kc4 47. Be1 Kb3 48. a5 Ka4 49. Kxf4 Kb5 50. Ke5 Bxc5 51. Kd4 1/2-1/2

[Event "Pervenstvo PFO 2023_Y19_Rapid"]
[Site "Samara region, Russia"]
[Date "2023.11.11"]
[Round "5.8"]
[White "Pukhov, Ivan"]
[Black "Rekonchishek, Egor"]
[Result "1/2-1/2"]
[TimeControl "10:5"]
[WhiteFideId "34301895"]
[BlackFideId "34221476"]
[WhiteElo "1955"]
[BlackElo "1569"]

1. d4 d5 2. c4 c6 3. Nf3 Nf6 4. g3 a6 5. Bg2 Bf5 6. O-O e6 7. Qb3 Ra7 8. Bf4 Nbd7 9. cxd5 exd5 10. Ne5 Nxe5 11. Bxe5 Be7 12. Nc3 O-O 13. Bxf6 Bxf6 14. e3 h6 15. Na4 Re8 16. Nc5 Qc8 17. Rfc1 Be7 18. Qd1 Bxc5 19. Rxc5 Be4 20. f3 Bf5 21. g4 Bg6 22. Qd2 Qd8 23. h3 Qb6 24. b4 Rea8 25. a4 Re8 26. Rac1 Qd8 27. Qf2 Qe7 28. e4 Raa8 29. e5 b6 30. Rxc6 Qxb4 31. f4 Be4 32. Bxe4 dxe4 33. d5 Qxa4 34. d6 Qa3 35. R6c3 Qb4 36. d7 Red8 37. Rc8 Qa3 38. Rxd8+ Rxd8 39. Rc8 Qf8 40.
Rxd8 Qxd8 41. Qd4 Kh7 42. Qxe4+ g6 43. Qd5 Kg7 44. Qc6 Kh7 45. Qc8 Qh4 46. d8=Q Qe1+ 47. Kg2 Qe2+ 48. Kg3 Qe3+ 1/2-1/2

[Event "Pervenstvo PFO 2023_Y19_Rapid"]
[Site "Samara region, Russia"]
[Date "2023.11.11"]
[Round "5.9"]
[White "Nasyrov, Danil R."]
[Black "Evtukhov, Lev"]
[Result "1/2-1/2"]
[TimeControl "10:5"]
[WhiteFideId "34290257"]
[BlackFideId "44173210"]
[WhiteElo "1234"]
[BlackElo "1923"]

1. d4 d5 2. Nf3 Nf6 3. Bf4 e6 4.
e3 Bd6 5. Bg3 O-O 6. c3 c5 7. Bd3 Nc6 8. Nbd2 h6 9. Ne5 Bxe5 10. dxe5 Nd7 11. f4 f6 12. Qh5 fxe5 13. fxe5 Qg5 14. Qxg5 hxg5 15. Bb5 Ncxe5 16. Bxd7 Nxd7 17.
O-O-O b6 18. Nf3 g4 19. Ne5 Nxe5 20. Bxe5 Rf5 21. Bg3 Ba6 22. Rhe1 Bb7 23. e4 dxe4 24. Rd7 Bd5 25. c4 Bxc4 26.
Rxe4 Bd5 27. Rxg4 Rf7 28. Rxf7 Kxf7 29. Be5 Rg8 30. Ra4 Bxg2 31. Rxa7+ Kg6 32. Ra6 Kf5 33. Bg3 b5 34. Ra5 Bf1 1/2-1/2

[Event "Pervenstvo PFO 2023_Y19_Rapid"]
[Site "Samara region, Russia"]
[Date "2023.11.11"]
[Round "5.10"]
[White "Sadykov, Ilgiz A."]
[Black "Nigmadzyanov, Ruslan R."]
[Result "1-0"]
[TimeControl "10:5"]
[WhiteFideId "34286217"]
[BlackFideId "34224670"]
[WhiteElo "1675"]
[BlackElo "1542"]

1. d4 Nf6 2. c4 g6 3.
Nc3 d5 4. cxd5 Nxd5 5. e4 Nxc3 6. bxc3 Bg7 7. Nf3 c5 8. Bb5+ Nc6 9. O-O O-O 10. Bxc6 bxc6 11. Qc2 cxd4 12. cxd4 Bg4 13. Ne5 Qxd4 14. Bb2 Qb4 15. Rab1 Bxe5 16. Bxe5 Qa5 17. Bc3 Qc5 18.
h3 Be2 19. Rfc1 Ba6 20. Qd2 Qd6 21. Qh6 e5 22. Bb4 Qe6 23. Bxf8 Rxf8 24. Qd2 Bb5 25. Rb2 Qe7 26. Qa5 Qg5 27.
Re1 a6 28. a4 Bd3 29. Qc3 Rd8 30. Rd2 Bxe4 31. Rxd8+ Qxd8 32. Rxe4 Qd1+ 33. Re1 Qxa4 34. Rxe5 Qd1+ 35. Re1 Qd7 36. Qe5 Qd2 37. Rb1 1-0

[ePGN "0.1;DGT LiveChess/2.2.5"]

[Event "Pervenstvo PFO 2023_Y19_Rapid"]
[Site "Samara region, Russia"]
[Date "2023.11.11"]
[Round "6.1"]
[White "Azizyan, Levon"]
[Black "Lydin, Vladislav"]
[Result "0-1"]
[TimeControl "10:5"]
[WhiteFideId "44151888"]
[BlackFideId "44195990"]
[WhiteElo "1940"]
[BlackElo "2005"]

1. e4 Nf6 2. e5 Nd5 3.
c4 Nb6 4. d4 d6 5. f4 dxe5 6. fxe5 Bf5 7. Nc3 e6 8. Be3 Bb4 9. Nf3 c5 10. a3 Bxc3+ 11. bxc3 O-O 12. Bd3 Bxd3 13. Qxd3 Nc6 14. Ng5 g6 15. Nf3 cxd4 16. cxd4 Nd7 17.
Rd1 Qa5+ 18. Bd2 Qb6 19.
c5 Qd8 20. Bh6 Qa5+ 21. Bd2 Qd8 22.
Qe4 f6 23. exf6 Nxf6 24. Qh4 Nd5 25. Qh6 Rf5 26. Qh3 Qf6 27. Bh6 Rh5 28. Bg5 Rxh3 29. Bxf6 Rxf3 30. gxf3 Nxf6 31. Kf2 Rd8 32.
Rb1 Rd7 33. Rhd1 Nxd4 34. Rb4 e5 35.
f4 Nd5 36. fxe5 Nxb4 37. axb4 Rd8 38. Ra1 a6 39. Rd1 Nc6 40. Rd6 Rxd6 41. cxd6 Nxe5 0-1

[Event "Pervenstvo PFO 2023_Y19_Rapid"]
[Site "Samara region, Russia"]
[Date "2023.11.11"]
[Round "6.2"]
[White "Konstantinov, Nikita"]
[Black "Galyaviev, Samat"]
[Result "1/2-1/2"]
[TimeControl "10:5"]
[WhiteFideId "44165250"]
[BlackFideId "44168470"]
[WhiteElo "2074"]
[BlackElo "2030"]

1. e4 e6 2. d4 d5 3. Nd2 c5 4. exd5 exd5 5. Ngf3 Nf6 6. Bb5+ Bd7 7. Bxd7+ Nbxd7 8. O-O Be7 9. dxc5 Nxc5 10.
Nb3 Nce4 11. Nbd4 O-O 12. c3 Re8 13. Nf5 Bf8 14. Be3 Qd7 15. N5d4 Bd6 16. Qc1 a6 17. Bf4 Bc5 18. Qc2 Rac8 19.
Rad1 Qg4 20. Qc1 b5 21. a3 Qd7 22. h3 h6 23. Be3 Bd6 24. Bf4 Bc5 25. Ne5 Qa7 26. Nef3 Qb6 27. Qc2 a5 28.
Nb3 b4 29. axb4 axb4 30. Nxc5 Qxc5 31. Be5 bxc3 32. bxc3 Qc4 33. Rc1 Ng5 34. Bxf6 Nxf3+ 35. gxf3 gxf6 36. Kh1 Qf4 37. Rg1+ Kh8 38. Qd3 Re5 39. Rcd1 Qf5 40. Qxf5 Rxf5 41. Rd3 Rg5 42. Rg4 Rcg8 43. Kh2 Kh7 44. Kg3 Rc8 45.
h4 Re5 46. Kg2 h5 47. Rg3 Rf5 48. Kh3 Rc4 49. Re3 Re5 50. Rd3 Rf5 51. Re3 Re5 1/2-1/2

[Event "Pervenstvo PFO 2023_Y19_Rapid"]
[Site "Samara region, Russia"]
[Date "2023.11.11"]
[Round "6.3"]
[White "Tarasenko, Iaroslav"]
[Black "Mochalov, Dmitriy"]
[Result "1/2-1/2"]
[TimeControl "10:5"]
[WhiteFideId "44196008"]
[BlackFideId "44179634"]
[WhiteElo "2080"]
[BlackElo "2194"]

1. e4 e5 2. Nf3 Nc6 3. Bb5 a6 4. Bxc6 dxc6 5. O-O Bd6 6. d4 exd4 7. Qxd4 f6 8. Be3 Ne7 9.
Nbd2 Be6 10. Nb3 b6 11. Rad1 c5 12.
Qc3 Qc8 13. Nbd2 Nc6 14. Nc4 Be7 15. Bf4 O-O 16. Ne3 Qb7 17. Nd5 Bd6 18. Bxd6 cxd6 19. Nf4 Qe7 20. Nxe6 Qxe6 21. Qd3 Rfd8 22.
Qd5 Qxd5 23. Rxd5 Ne7 24. Rd2 1/2-1/2